 Dungeon Crawl Stone Soup version 0.30-a0-509-gd016549fea (webtiles) character file.

Game seed: 4387483683931324814

338 Ge0ff the Conjurer (level 6, 0/43 HPs)
             Began as a Demonspawn Earth Elementalist on Dec 22, 2022.
             Slain by an orc
             ... wielding a +0 mace
              (5 damage)
             ... on level 4 of the Dungeon.
             The game lasted 00:11:50 (2614 turns).

Ge0ff the Conjurer (Demonspawn Earth Elementalist)  Turns: 2614, Time: 00:11:50

Health: 0/43       AC:  4    Str:  8    XL:     6   Next: 29%
Magic:  12/19      EV: 12    Int: 19    God:
Gold:   164        SH:  0    Dex: 15    Spells: 6/10 levels left

rFire   . . .      SeeInvis .    a - staff of conjuration
rCold   + . .      Faith    .    (no shield)
rNeg    . . .      Spirit   .    N - +0 robe
rPois   .          Reflect  .    T - +0 helmet
rElec   .          Harm     .    (no cloak)
rCorr   .          Rampage  .    O - +0 pair of gloves
Will    +....                    (no boots)
Stlth   +.........               (no amulet)
HPRegen 0.27/turn                W - ring of magical power
MPRegen 0.16/turn                V - ring "Zetoler" {rC+ Will+ Dex+2, =R}

@: mighty, silenced
A: demonic magic 2, demonic touch 1
a: no special abilities


You were on level 4 of the Dungeon.
You visited 1 branch of the dungeon, and saw 4 of its levels.

You collected 164 gold pieces.

Inventory:

Missiles
 S - 30 stones
 Y - 5 boomerangs
Armour
 N - a +0 robe (worn)
 O - a +0 pair of gloves (worn)
 P - a +0 leather armour
 T - a +0 helmet (worn)
Magical Staves
 a - a staff of conjuration (weapon)
Jewellery
 R - a +6 ring of dexterity
 V - the ring "Zetoler" (right hand) {rC+ Will+ Dex+2, =R}
   (You found it on level 4 of the Dungeon)

   [ring of protection from cold]

   Dex:       It affects your dexterity (+2).
   rC:        It protects you from cold.
   Will:      It increases your willpower.
 W - a ring of magical power (left hand)
Scrolls
 C - a scroll of poison
 Q - a scroll of enchant armour
Potions
 K - 2 potions of magic {!q}
 M - 3 potions of might


   Skills:
 - Level 1.0 Fighting
 - Level 2.0 Dodging
 - Level 2.0 Stealth
 + Level 2.7 Spellcasting
 + Level 4.5 Conjurations
 - Level 1.0 Transmutations
 + Level 3.9 Earth Magic


You had 6 spell levels left.
You knew the following spells:

 Your Spells              Type           Power      Damage    Failure   Level
k - Sandblast             Erth           34%        2d9       3%          1
C - Stone Arrow           Conj/Erth      56%        3d10      9%          3

Your spell library contained the following spells:

 Spells                   Type           Power      Damage    Failure   Level
 Passwall                 Tmut/Erth      10%        N/A       9%          2
 Petrify                  Tmut/Erth      12%        N/A       50%         4


Dungeon Overview and Level Annotations

Branches:
Dungeon (4/15) Zot: 21327
 Temple: D:4-7

Altars:
Cheibriados
Makhleb

Shops:
D:1 :   D:3 [(

Annotations:
D:4 3 exclusions


Innate Abilities, Weirdness & Mutations

Spells you cast may paralyse nearby enemies.
Your touch may inflict minor irresistible damage on your foes.


Message History

You feel very mighty all of a sudden.
The orc priest hits you with a +0 hand axe.
The orc hits you but does no damage.
You hit the orc priest!
The orc priest is severely wounded.
The orc priest hits you with a +0 hand axe.
The orc hits you but does no damage. The orc barely misses you.
You hit the orc priest.
The orc priest is almost dead.
The orc priest hits you but does no damage.
The orc hits you but does no damage. The orc closely misses you.
You closely miss the orc priest.
You touch the orc priest.
You kill the orc priest!
The orc misses you. The orc hits you with a +0 mace. The orc barely misses you.
The orc hits you with a +0 club. Something hits you. Something shocks you.
You hit the orc.
The orc is heavily wounded.
The orc hits you with a +0 mace. The orc hits you with a +0 club.
Something barely misses you.
You barely miss the orc.
The orc is heavily wounded.
The orc misses you. The orc hits you with a +0 club.
* * * LOW HITPOINT WARNING * * *
Something hits you.
* * * LOW HITPOINT WARNING * * *
Something shocks you.
* * * LOW HITPOINT WARNING * * *
You feel better. The orc hits you with a +0 mace.
* * * LOW HITPOINT WARNING * * *
The orc barely misses you.
A sky beast appears from thin air!
Reactivating autopickup.
The sky beast hits you.
* * * LOW HITPOINT WARNING * * *
The sky beast shocks you.
* * * LOW HITPOINT WARNING * * *
Okay, then.
It was a potion of heal wounds.
You feel much better. The orc barely misses you.
The orc hits you with a +0 club.
The sky beast flickers out of sight!
Deactivating autopickup; reactivate with Ctrl-A.
Something hits you. Something shocks you. Something hits you.
* * * LOW HITPOINT WARNING * * *
Something shocks you.
* * * LOW HITPOINT WARNING * * *
A sky beast appears from thin air!
Reactivating autopickup.
The sky beast attacks as you move away! The sky beast closely misses you.
The orc attacks as you move away! The orc hits you with a +0 mace.
You die...

### ... # #####.##.# ..
......#.#
#########.########.......#
.........##......#.....####
.≈≈≈≈≈≈≈.##.#....o.........
≈..≈≈≈..≈##.#...@o.)...####.
≈.≈...≈.≈##.####.Y§.........
≈†≈._.≈.≈#..........###.....
≈.≈...≈.≈#.....#..#.........
≈..≈≈≈..≈#..........#### ..
.≈≈≈≈≈≈≈.#....###.###
.........#........#
#########.....#####
####........#


You could see a sky beast and 2 orcs.

Vanquished Creatures
  An ogre (D:4)
  A jelly (D:4)
  An orc priest (D:4)
  An iguana (D:4)
  4 gnolls (D:3)
  6 adders
  2 worms
  2 dart slugs
  10 endoplasms
  4 giant cockroaches
  2 goblins
  5 hobgoblins
  2 jackals (D:3)
  2 quokkas (D:2)
  4 ball pythons
  8 bats
  4 frilled lizards
  5 kobolds
  11 rats
75 creatures vanquished.

Notes
Turn   | Place    | Note
-------+----------+-------------------------------------------
     0 | D:1      | Ge0ff the Demonspawn Earth Elementalist began the quest for
                  | the Orb.
     0 | D:1      | Reached XP level 1. HP: 13/13 MP: 3/3
    61 | D:1      | Reached skill level 1 in Transmutations
   156 | D:1      | Gained mutation: Your touch may inflict minor irresistible
                  | damage on your foes. [demonic ancestry]
   156 | D:1      | Reached XP level 2. HP: 20/20 MP: 3/5
   528 | D:1      | Reached skill level 1 in Fighting
   681 | D:1      | You fall into a shaft and drop 1 floor!
   690 | D:2      | Reached skill level 1 in Conjurations
   690 | D:2      | Gained mutation: Spells you cast may paralyse adjacent
                  | enemies. [demonic ancestry]
   690 | D:2      | Reached XP level 3. HP: 26/26 MP: 1/6
   789 | D:2      | Learned a level 3 spell: Stone Arrow
  1118 | D:1      | Found Haips's Book Shop.
  1456 | D:2      | Reached skill level 2 in Conjurations
  1834 | D:3      | Reached XP level 4. HP: 32/32 MP: 7/7
  1966 | D:3      | Found a snail-covered altar of Cheibriados.
  1976 | D:3      | Reached skill level 3 in Conjurations
  2053 | D:3      | Found Noce's Armour Shoppe.
  2198 | D:3      | Found Hiugog's Weapon Boutique.
  2208 | D:3      | Gained mutation: Spells you cast may paralyse nearby
                  | enemies. [demonic ancestry]
  2208 | D:3      | Reached XP level 5. HP: 37/37 MP: 8/8
  2505 | D:4      | Reached skill level 4 in Conjurations
  2505 | D:4      | Noticed an ogre
  2515 | D:4      | Killed an ogre
  2516 | D:4      | Reached XP level 6. HP: 43/43 MP: 7/9
  2523 | D:4      | Identified the ring "Zetoler" {rC+ Will+ Dex+2}
  2555 | D:4      | Found a burning altar of Makhleb.
  2597 | D:4      | Noticed a sky beast
  2614 | D:4      | Slain by an orc

Illustrated notes

Levels and vault maps discovered:
D:1:      amcnicky_arrival_flooded_fountain, layout_loops_cross, serial_shops,
          shop
D:2:      layout_loops_ring
D:3:      layout_rooms, mainiacjoe_overflow_alcove_2, serial_shops, shop_statue,
          nicolae_shop_stone, minivault_11
D:4:      layout_basic, mainiacjoe_overflow_paths,
          minmay_temple_entry_antechambers, gup_sewer_entry_spiral, uniq_duvessa

Skill      XL: |  1  2  3  4  5 |
---------------+----------------+-----
Stealth        | 2 |  2.0
Transmutations | 1 |  1.0
Earth Magic    | 3 |  3.9
Dodging        | 2 |  2.0
Fighting       | 1 |  1.0
Conjurations   | 1 2 3 4 |  4.5
Spellcasting   | |  2.7

Action                   |  1- 3 |  4- 6 || total
-------------------------+-------+-------++-------
Melee: Staff             |     6 |     9 ||    15
       Touch             |       |     2 ||     2
Throw: Boomerang         |       |     1 ||     1
 Cast: Sandblast         |    62 |    53 ||   115
       Stone Arrow       |       |     3 ||     3
  Use: Scroll            |     4 |     4 ||     8
       Potion            |       |     3 ||     3
 Stab: Paralysed         |       |     4 ||     4
Armor: Robe              |     4 |     7 ||    11
Dodge: Dodged            |    13 |    15 ||    28

Table legend: (Time is in decaauts)
 A = Elapsed time spent in this place.
 B = Non-inter-level travel time spent in this place.
 C = Inter-level travel time spent in this place.
 D = Time resting spent in this place.
 E = Time spent auto-exploring this place.
 F = Levels seen in this place.
 G = Mean time per level.
                   A        B        C        D        E       F      G
               +--------+--------+--------+--------+--------+-----+--------+
         Total |   2672 |   2617 |     55 |    280 |   1677 |   4 |  668.0 |
       Dungeon |   2672 |   2617 |     55 |    280 |   1677 |   4 |  668.0 |
               +--------+--------+--------+--------+--------+-----+--------+

Top non-repeatable levels by time:
     D:1: 950 daAuts
     D:2: 897 daAuts
     D:3: 705 daAuts
     D:4: 119 daAuts
